 Dungeon Crawl Stone Soup version 0.17-a0-26-g7f25774 (webtiles) character file.

28 bhops the Firebug (level 2, 0/15 HPs)
             Began as an Imp Fire Elementalist on Sept 1, 2015.
             Slain by a quokka (2 damage)
             ... on level 2 of the Dungeon.
             The game lasted 00:13:31 (2506 turns).

bhops the Firebug (Imp Fire Elementalist)           Turns: 2506, Time: 00:13:31

Health: 0/15       AC:  2    Str:  7    XL:     2   Next: 96%
Magic:  1/4        EV: 18    Int: 14    God:
Gold:   104        SH:  0    Dex: 16    Spells: 1 memorised, 4 levels left

rFire  . . .     SeeInvis .     l - +0 whip
rCold  . . .     Clarity  .     a - +0 robe
rNeg   + + +     SustAb   .     (shield restricted)
rPois  ∞         Gourm    .     (helmet restricted)
rElec  .         Spirit   .     (no cloak)
rCorr  .         Warding  .     (gloves unavailable)
rMut   .         Rnd*Tele +     (boots unavailable)
MR     .....                    (no amulet)
Stlth  ++........               (no ring)
                                (no ring)

@: not resistant to hostile enchantments, unstealthy
A: unfitting armour, blink 2, negative energy resistance 3, regeneration 1,
screaming 3, teleportitis 2, torment resistance
a: Blink


You were on level 2 of the Dungeon.
You were not hungry.

You visited 1 branch of the dungeon, and saw 2 of its levels.

You collected 104 gold pieces.

Inventory:

Hand weapons
 i - a +0 whip
 l - a +0 whip (weapon)
Missiles
 c - 4 tomahawks (quivered)
Armour
 a - a +0 robe (worn)
Scrolls
 d - a scroll of immolation {unknown}
 e - a scroll of amnesia {unknown}
 f - a scroll of identify {unknown}
 h - a scroll of magic mapping {unknown}
 k - a scroll of remove curse {unknown}
Potions
 g - a potion of curing {unknown}
 j - 2 potions of heal wounds {unknown}
Books
 b - a book of Flames

   Spells                             Type                      Level
   a - Flame Tongue                   Conjuration/Fire             1
   b - Throw Flame                    Conjuration/Fire             2
   c - Conjure Flame                  Conjuration/Fire             3
   d - Inner Flame                    Hexes/Fire                   3
   e - Sticky Flame                   Conjuration/Fire             4
   f - Fireball                       Conjuration/Fire             5


   Skills:
 + Level 0.2 Fighting
 + Level 3.1 Dodging
 + Level 2.2 Stealth
 + Level 0.2 Unarmed Combat
 + Level 2.2 Spellcasting
 + Level 1.0 Conjurations
 + Level 4.3 Fire Magic


You had 4 spell levels left.
You knew the following spells:

 Your Spells              Type           Power        Failure   Level  Hunger
a - Flame Tongue          Conj/Fire      #....        10%         1    #......


Dungeon Overview and Level Annotations

Branches:
Dungeon (2/15)

Altars:

Annotations:
D:2 Jessica


Innate Abilities, Weirdness & Mutations

You are immune to poison.
You are tiny and cannot use many weapons and most armour.
You are good at translocating small distances at will.
You are immune to negative energy.
Your natural rate of healing is unusually fast.
You frequently scream uncontrollably at your foes.
Space sometimes distorts in your vicinity.
You are immune to unholy pain and torment.


Message History

The adder completely misses you.
You barely miss Jessica.
Jessica is lightly wounded.
The quokka closely misses you. Jessica closely misses you. The adder bites you.
The quokka closely misses you.
You barely miss Jessica.
Jessica is lightly wounded.
Jessica misses you. The adder bites you. Jessica completely misses you.
The quokka misses you.
You hit Jessica.
Jessica is severely wounded.
The adder closely misses you. Jessica closely misses you.
The quokka closely misses you. The adder closely misses you.
Jessica barely misses you.
You hit Jessica.
Jessica is severely wounded.
The quokka misses you. Jessica hits you.
* * * LOW HITPOINT WARNING * * *
The adder completely misses you. The quokka bites you.
You die...

##### ...# ...#
#..### #####....
...#..######.
####@#.........#
#.<@Sb...#
#.#r#.(#g#
#.#...###.#
#.####@# ## #.
r.. .. ..[ ..
.... #[ #.# #


You could see an adder, Jessica, a quokka, a hobgoblin (wandering) and a bat.

Vanquished Creatures
  3 bats (D:1)
  4 giant cockroaches (D:1)
  6 goblins
  3 hobgoblins (D:1)
  3 giant newts (D:1)
  4 kobolds
  4 rats (D:1)
27 creatures vanquished.

Notes
Turn   | Place    | Note
--------------------------------------------------------------
     0 | D:1      | bhops, the Imp Fire Elementalist, began the quest for the Orb.
     0 | D:1      | Reached XP level 1. HP: 10/10 MP: 3/3
    94 | D:1      | Reached skill level 1 in Conjurations
   172 | D:1      | Reached skill level 4 in Fire Magic
   269 | D:1      | Reached XP level 2. HP: 15/15 MP: 2/4
  2487 | D:2      | Noticed Jessica
  2506 | D:2      | Slain by a quokka

Action                   || total
-------------------------++-------
Melee: Unarmed           ||    70
       Whip              ||    16
 Cast: Flame Tongue      ||    39
 Abil: Blink             ||     1
  Eat: Bread ration      ||     1
       Chunk             ||     1
